 Dungeon Crawl Stone Soup version 0.31.0-9-g3a7656b989 (webtiles) character file.

Game seed: 7008301130140686260

321862 Bnni the Hermetic (level 21, -15/149 HPs)
             Began as an Octopode Alchemist on Jan 25, 2024.
             Was an Initiate of Gozag.
             Shot with an arrow by a deep elf master archer (22 damage)
             ... while paralysed by a fenstrider witch
             ... in a wizard's laboratory on Jan 26, 2024.
             The game lasted 02:49:30 (51491 turns).

Bnni the Hermetic (Octopode Alchemist)             Turns: 51491, Time: 02:49:32

Health: -15/149    AC:  3    Str:  5    XL:     21   Next: 53%
Magic:  18/56      EV:  2    Int: 26    God:    Gozag
Gold:   5177       SH:  0    Dex: 15    Spells: 10/47 levels left

rFire   + . .        k - staff of fire
rCold   + . .        B - +0 kite shield
rNeg    + . .        O - +2 hat
rPois   +            J - amulet "Woibac" {Regen+ MP+9}
rElec   +            t - +5 ring of evasion
rCorr   +            Q - ring of Ileto {Ice rElec}
SInv    +            M - +5 ring of evasion
Will    ++...        N - ring of magical power
Stlth   +++          e - +5 ring of evasion
HPRegen 1.24/turn    u - +5 ring of evasion
MPRegen 0.35/turn    Z - ring of Reok {rPois rN+ Str+2 Int+3 SInv}
                     n - ring of False Hope {rPois rF+ rCorr Str-3}

%: no passive effects
@: paralysed, gold aura, enlightened, flying, very slightly contaminated,
studying Summonings
A: almost no armour, amphibious, 8 rings, camouflage 1, gelatinous body 1,
(nimble swimmer 1), tentacles, dopey 1, weak 1, no potion heal 1, persistent
drain
}: 2/15 runes: barnacled, gossamer
a: Renounce Religion, Potion Petition, Call Merchant, Bribe Branch


You were in a wizard's laboratory.
You worshipped Gozag.
Gozag was greatly pleased with you.
You visited 8 branches of the dungeon, and saw 37 of its levels.
You also visited: Ossuary, Bailey, Ice Cave and Wizlab.

You collected 21224 gold pieces.
You spent 6371 gold pieces at shops.
You paid 9676 gold pieces to Gozag.

Inventory:

Hand Weapons
 m - a +1 demon blade of flaming
 V - the +8 demon blade of Unerem {elec, Int+3 Stlth+}
   (You found it in an ice cave)

   Int+3:     It affects your intelligence (+3).
   Stlth+:    It makes you more stealthy.
Missiles
 G - 24 curare-tipped darts
 W - a throwing net (quivered)
Armour
 B - a +0 kite shield (worn)
 O - a +2 hat (worn)
Magical Staves
 k - a staff of fire (weapon)
Jewellery
 e - a +5 ring of evasion (on tentacle)
 j - the amulet of the Saviour {RegenMP rC+ Dex+4}
   (You found it on level 2 of the Depths)

   [amulet of magic regeneration]

   RegenMP:   It increases your rate of magic regeneration.
   Dex+4:     It affects your dexterity (+4).
   rC+:       It protects you from cold.
 n - the ring of False Hope (on tentacle) {rPois rF+ rCorr Str-3}
   (You bought it in a shop on level 2 of the Orcish Mines)

   [ring of protection from fire]

   Str-3:     It affects your strength (-3).
   rF+:       It protects you from fire.
   rPois:     It protects you from poison rCorr: It protects you from acid and
   corrosion.
 t - a +5 ring of evasion (left tentacle)
 u - a +5 ring of evasion (on tentacle)
 v - the ring of the Mpinguari {Fire +Blink Str+6 Slay+3 Stlth-}
   (You took it off a frost giant on level 2 of the Depths)

   [ring of fire]

   Fire:      It enhances your fire magic.
   Str+6:     It affects your strength (+6).
   Slay+3:    It affects your accuracy & damage with ranged weapons and melee
   (+3).
   rF+:       It protects you from fire.
   rC-:       It makes you vulnerable to cold.
   +Blink:    It lets you blink.
   Stlth-:    It makes you less stealthy.
 J - the amulet "Woibac" (around mantle) {Regen+ MP+9}
   (You bought it in a shop on level 5 of the Lair of Beasts)

   [amulet of regeneration]

   MP+9:      It affects your magic capacity (+9).
   Regen+:    It increases your rate of health regeneration.
 M - a +5 ring of evasion (on tentacle)
 N - a ring of magical power (on tentacle)
 P - a ring of positive energy
 Q - the ring of Ileto (right tentacle) {Ice rElec}
   (You found it on level 2 of the Depths)

   [ring of ice]

   Ice:       It enhances your ice magic.
   rF-:       It makes you vulnerable to fire.
   rC+:       It protects you from cold.
   rElec:     It insulates you from electricity.
 X - a ring of ice
 Z - the ring of Reok (on tentacle) {rPois rN+ Str+2 Int+3 SInv}
   (You bought it in a shop on level 5 of the Lair of Beasts)

   [ring of positive energy]

   Str+2:     It affects your strength (+2).
   Int+3:     It affects your intelligence (+3).
   rPois:     It protects you from poison rN+: It protects you from negative
   energy.
   SInv:      It lets you see invisible.
Wands
 R - a wand of acid (7)
 U - a wand of digging (19)
Scrolls
 b - 6 scrolls of immolation
 d - 7 scrolls of fear
 f - 5 scrolls of fog
 g - 7 scrolls of revelation
 i - 5 scrolls of amnesia
 l - 18 scrolls of teleportation
 o - 4 scrolls of enchant weapon
 s - 2 scrolls of blinking
 y - 7 scrolls of enchant armour
 H - 3 scrolls of butterflies
 I - 4 scrolls of poison
 S - 4 scrolls of silence
Potions
 a - 6 potions of magic
 c - 6 potions of curing
 h - 3 potions of resistance
 p - 6 potions of might
 w - 4 potions of mutation
 x - 2 potions of invisibility
 z - 6 potions of brilliance
 A - 9 potions of enlightenment
 C - 4 potions of ambrosia
 D - 6 potions of haste
 E - 5 potions of berserk rage
 F - 11 potions of heal wounds
 K - a potion of cancellation
Miscellaneous
 r - a phantom mirror
 T - a phial of floods


   Skills:
 + Level 14.7 Fighting
 + Level 14.4 Dodging
 - Level 2.6 Stealth
 * Level 14.5 Shields
 + Level 13.5 Spellcasting
 - Level 15.0 Conjurations
 - Level 2.0 Hexes
 * Level 15.4 Fire Magic
 * Level 17.7 Alchemy


You had 10 spell levels left.
You knew the following spells:

 Your Spells              Type           Power      Damage    Failure   Level
a - Ignite Poison         Fire/Alch      100%       N/A       1%          4
c - Mephitic Cloud        Conj/Alch/Air  65%        N/A       1%          3
d - Olgreb's Toxic Radia  Alch           83%        N/A       1%          4
f - Sticky Flame          Fire/Alch      100%       2d15      1%          4
g - Eringya's Noxious Bo  Alch           41%        4d6       1%          6
i - Irradiate             Conj/Alch      40%        3d25      1%          5
j - Yara's Violent Unrav  Hex/Alch       31%        3d13      4%          5
s - Starburst             Conj/Fire      49%        6d13      3%          6

Your spell library contained the following spells:

 Spells                   Type           Power      Damage    Failure   Level
 Sting                    Conj/Alch      100%       1d9       0%          1
 Foxfire                  Conj/Fire      100%       2x1d9     1%          1
 Kiss of Death            Conj/Necr      100%       2d13      1%          1
 Shock                    Conj/Air       100%       1d9       1%          1
 Cigotuvi's Dreadful Rot  Necr/Alch/Air  96%        N/A       1%          2
 Mercury Vapours          Alch/Air       100%       N/A       1%          2
 Scorch                   Fire           100%       2d9       1%          2
 Hailstorm                Conj/Ice       71%        3d12      1%          3
 Inner Flame              Hex/Fire       76%        N/A       1%          3
 Flame Wave               Conj/Fire      98%        2d20      1%          4
 Alistair's Intoxication  Alch           55%        N/A       1%          5
 Iskenderun's Battlesphe  Conj           77%        2d13      1%          5
 Summon Blazeheart Golem  Fire/Summ      72%        N/A       4%          4
 Jinxbite                 Hex            56%        N/A       7%          2
 Freeze                   Ice            100%       1d10      11%         1
 Summon Small Mammal      Summ           68%        N/A       11%         1
 Ensorcelled Hibernation  Hex/Ice        68%        N/A       11%         2
 Confusing Touch          Hex            28%        N/A       14%         3
 Sigil of Binding         Hex            28%        N/A       14%         3
 Tukima's Dance           Hex            28%        N/A       14%         3
 Lesser Beckoning         Tloc           34%        N/A       16%         2
 Call Canine Familiar     Summ           17%        N/A       32%         3
 Frozen Ramparts          Ice            52%        1d8       32%         3
 Fugue of the Fallen      Necr           17%        N/A       32%         3
 Gell's Gravitas          Tloc           17%        N/A       32%         3
 Ozocubu's Armour         Ice            26%        N/A       32%         3
 Summon Ice Beast         Ice/Summ       26%        N/A       32%         3
 Swiftness                Air            17%        N/A       32%         3
 Teleport Other           Tloc           17%        N/A       32%         3
 Sculpt Simulacrum        Ice/Alch       38%        N/A       38%         6
 Cause Fear               Hex            14%        N/A       43%         4
 Anguish                  Hex/Necr       11%        N/A       56%         4
 Dimensional Bullseye     Hex/Tloc       11%        N/A       56%         4
 Plasma Beam              Fire/Air       36%        2x1d49    56%         6
 Bombard                  Conj/Erth      27%        9d5       58%         6
 Airstrike                Air            8%         2d(2-18)  71%         4
 Dispel Undead            Necr           17%        3d10      71%         4
 Martyr's Knell           Necr/Summ      17%        N/A       71%         4
 Passage of Golubria      Tloc           17%        N/A       71%         4
 Ignition                 Fire           49%        3d14      77%         8
 Metabolic Englaciation   Hex/Ice        17%        N/A       89%         5
 Summon Mana Viper        Hex/Summ       22%        N/A       89%         5
 Borgnjor's Vile Clutch   Necr/Erth      8%         N/A       96%         5
 Summon Forest            Summ/Tloc      8%         N/A       96%         5
 Spellforged Servitor     Conj/Summ      27%        N/A       99%         7
 Death Channel            Necr           8%         N/A       100%        6
 Summon Cactus Giant      Summ           8%         N/A       100%        6
 Enfeeble                 Hex            14%        N/A       100%        7
 Monstrous Menagerie      Summ           8%         N/A       100%        7
 Ozocubu's Refrigeration  Ice            13%        4d10      100%        7
 Discord                  Hex            14%        N/A       100%        8
 Polar Vortex             Ice            13%        12d1*     100%        9


Dungeon Overview and Level Annotations

Branches:
Dungeon (15/15)            Temple (1/1) D:4            Lair (5/5) D:8
 Shoals (4/4) Lair:3       Spider (4/4) Lair:2        Slime (0/5) Lair:4
    Orc (2/2) D:11            Elf (0/3) Orc:2        Vaults (3/5) D:13
  Crypt (0/3) Vaults:3     Depths (3/4) D:15        Ossuary (visited)
 Bailey (visited)           IceCv (visited)          WizLab (1/1)

Altars:
Ashenzari
Cheibriados
Dithmenos
Elyvilon
Fedhas
Gozag
Hepliaklqana
Kikubaaqudgha
Makhleb
Nemelex Xobeh
Okawaru
Qazlal
Ru
Sif Muna
Trog
Uskayaw
Vehumet
Wu Jian
Xom
Yredelemnul
Zin
The Shining One
Jiyva

Shops:
D:4 [   D:7 ?   D:9 :   D:10 *   Orc:1 :   Orc:2 [?==[:   Lair:4 :   Lair:5 :=
Shoals:1 ?(   Vaults:1 *   Vaults:3 *   Depths:1 *

Portals:
Hell: Depths:1 Depths:2
Abyss: Depths:1 Depths:3
Pandemonium: Depths:1 Depths:2

Annotations:
Shoals:4 Roxanne
Depths:2 Parghit


Innate Abilities, Weirdness & Mutations

You cannot wear most types of armour.
You are amphibious.
You can wear up to eight rings at the same time.
Your skin changes colour to match your surroundings (Stealth+).
Your rubbery body absorbs attacks. (AC +1, EV +1)
((You are camouflaged when in or above water. (Stealth+)))
You have tentacles for arms and can constrict up to eight enemies at once.
You are dopey. (Int -2)
You are weak. (Str -2)
Potions are less effective at restoring your health.
Your health recovers twice as slowly from being drained.


Message History

The satyr unwields a +0 spear.
The satyr wields a +0 longbow.
The satyr shoots an arrow.
The arrow completely misses you.
You hear a shout!
The fenstrider witch shouts!
Casting: Eringya's Noxious Bog (mildly dangerous; 1% risk of failure)
Confirm with . or Enter, or press ? or * to list all spells.
Casting: Starburst (dangerous; 3% risk of failure)
Press: ? - help, Dir - look around, f - activate You feel a surge of power!
The bolt of fire hits the fenstrider witch!!
The fenstrider witch is heavily wounded.
The tree burns like a torch! x5
You hear a shout!
The satyr looks more healthy.
The satyr shoots an arrow.
The arrow hits you!!!
The fenstrider witch gestures at you while chanting.
You suddenly lose the ability to move!
The deep elf master archer wields a +0 longbow.
The deep elf master archer shoots an arrow.
The arrow hits you!!
You hear a shout! x3
Found a glowing demon whip and a Necronomicon.
Found a blossoming altar of Fedhas.
You are engulfed in blazing flames.
You resist.
* * * LOW HITPOINT WARNING * * *
You hear a shout!
The satyr shoots an arrow.
The arrow hits you!!
* * * LOW HITPOINT WARNING * * *
The satyr plays a frightful melody on its pipes!
The satyr radiates an aura of fear!
You resist with almost no effort.
The fenstrider witch is engulfed in blazing flames.
The fenstrider witch hits you with a staff of air!
* * * LOW HITPOINT WARNING * * *
You are electrocuted.
* * * LOW HITPOINT WARNING * * *
The fenstrider witch barely misses you.
The fenstrider witch gestures at you while chanting.
You resist with almost no effort.
The deep elf master archer shoots an arrow.
The arrow hits you!!
You die...
Your body crumbles into a pile of gold.

♣.......♣♣...♣.....♣...♣
♣♣.....♣♣♣♣.♣......).).♣
♣♣.♣)♣♣ ♣.♣.)..♣♣♣...♣♣
♣♣♣♣♣ ♣♣....♣♣♣.).♣♣
♣♣##♣♣♣♣♣....♣♣♣...♣♣
..♣♣.....§♣.........∩...
..c....§$....♣.#........
♣.c...$.$.H.♣♣♣....♣⌠♣...
..e.....§@H..§♣#.........♣
..♣♣|...§§§..$.♣♣...∩...♣♣
♣♣♣♣§♣♣♣♣...♣♣♣♣...♣♣♣ ♣)♣
♣...♣ ♣...♣ 8:_ ♣...♣ ♣...
... ♣... ♣.. ... ♣.. ...


You could see a deep elf master archer, 2 satyrs and 2 fenstrider witches.

Vanquished Creatures
  A juggernaut (Depths:2)
  Saint Roka (Orc:2)
  A caustic shrike (Depths:2)
  A golden dragon (Depths:2)
  Nikola (Shoals:4)
  2 tentacled monstrosities (Depths:2)
  2 liches
  A walking divine tome (Depths:2)
  2 walking earthen tomes (Depths:2)
  A titan (Depths:2)
  A quicksilver dragon (Depths:2)
  A walking frostbound tome (Depths:2)
  2 sphinxes (Depths:2)
  Polyphemus (Shoals:2)
  A kraken (Shoals:4)
  Frances (D:14)
  Gastronok (D:12)
  2 storm dragons
  4 frost giants (Depths:2)
  2 fire giants (Depths:2)
  Ilsuiw (Shoals:2)
  6 vault wardens
  9 emperor scorpions
  5 ghost moths
  6 ironbound preservers
  2 orc warlords
  A broodmother (Spider:1)
  11 very ugly things
  3 stone giants (Depths:1)
  4 ironbound thunderhulks
  A vampire knight (Depths:1)
  Nessos (Orc:2)
  6 dire elephants
  2 deep elf demonologists (Depths:2)
  9 spark wasps
  2 war gargoyles (Vaults:2)
  2 blizzard demons
  6 merfolk impalers
  3 entropy weavers
  An ettin (Depths:1)
  5 fire dragons
  8 merfolk javelineers
  2 shambling mangroves (WizLab)
  Josephine (D:10)
  The ghost of temujin the Nimble, a journeyman DjCj of Hepliaklqana (D:11)
  6 hydras
  6 yaktaur captains
  2 rakshasas (Depths:1)
  2 great orbs of eyes
  5 vault guards
  2 ogre magi
  A spriggan air mage (Depths:2)
  7 ironbound frosthearts
  4 ice dragons
  7 merfolk avatars
  2 jorogumos
  4 boulder beetles
  3 peacekeepers
  3 alligator snapping turtles
  A merfolk aquamancer (Shoals:4)
  15 centaur warriors
  4 satyrs
  2 death knights
  9 death scarabs (Spider:4)
  12 death yaks
  A deep troll shaman (Depths:1)
  A radroach (Spider:2)
  2 catoblepae
  5 two-headed ogres
  3 tengu warriors
  A deep troll earth mage (Depths:1)
  A vampire mage (Depths:2)
  9 demonic crawlers
  5 orc high priests
  5 hell knights (Depths:1)
  3 occultists (D:14)
  A spriggan berserker (Depths:2)
  Urug (D:11)
  A soul eater (Depths:1)
  A fire crab (Lair:4)
  An iron troll (Depths:1)
  A sixfirhy (Depths:2)
  17 pharaoh ants
  16 sea snakes
  5 skysharks
  A storm dragon skeleton (Depths:2)
  A flayed ghost (Depths:2)
  6 deep trolls
  4 orb spiders
  3 shadow demons (Depths:2)
  Lodul (D:13)
  A swamp dragon (Lair:5)
  3 glowing orange brains
  Pikel (D:5)
  2 phantasmal warriors
  2 spectral wolf spiders (Spider:4)
  6 arcanists
  2 deep elf archers (WizLab)
  18 harpies
  12 steelbarb worms
  2 necromancers
  4 lindwurms
  2 wolf spider zombies (Spider:4)
  5 ironbound convokers
  4 deep elf pyromancers
  8 orc knights
  A sphinx simulacrum (Depths:2)
  17 wolf spiders
  24 ugly things
  9 manticores
  An iron dragon zombie (Depths:2)
  8 fauns
  4 orc sorcerers
  4 moths of wrath
  7 elephants
  2 salamanders
  2 kobold blastminers (Orc:2)
  11 cyclopes
  An ice statue (IceCv)
  A guardian serpent (D:13)
  7 water nymphs
  An iron dragon skeleton (Depths:2)
  2 black mambas
  10 merfolk sirens
  8 torpor snails
  2 gargoyles (D:12)
  A cane toad (shapeshifter) (D:14)
  10 cane toads
  9 vault sentinels
  2 rime drakes
  2 unseen horrors
  A hellion (Depths:2)
  A redback zombie (Spider:4)
  15 yaktaurs
  9 komodo dragons
  4 kobold demonologists
  2 spectral redbacks (Spider:4)
  5 trolls
  2 tengu conjurers (Depths:1)
  20 merfolk
  3 tyrant leeches (Lair:5)
  A spectral culicivora (Spider:4)
  2 spectral tarantellas (Spider:4)
  13 polar bears
  3 tarantella zombies (Spider:4)
  21 tarantellas
  3 spectral jumping spiders (Spider:4)
  7 wind drakes
  16 blink frogs
  Grinder (D:3)
  13 hornets
  3 glass eyes
  7 snapping turtles
  3 centaur simulacra
  7 dream sheep (Shoals:4)
  A ynoxinul (Depths:2)
  53 yaks
  24 slime creatures
  12 wraiths
  17 culicivoras
  Eustachio (D:6)
  20 water elementals
  2 shadows
  35 jumping spiders
  2 vampires
  4 wyverns
  4 basilisks
  Grum (D:10)
  16 vampire mosquitoes
  Menkaure (D:6)
  44 redbacks
  3 steam dragons
  4 wargs (Orc:2)
  2 acid dragons
  19 water moccasins
  A glowing shapeshifter skeleton (Depths:2)
  30 orc warriors
  3 swamp drakes (Lair:5)
  4 ice beasts
  A sky beast (D:7)
  2 black bears
  12 ogres
  29 wolves
  18 centaurs
  2 boggarts (Depths:2)
  2 phantoms
  3 lemures (D:5)
  2 kobold brigands
  6 bullfrogs
  A gnoll sergeant (Orc:1)
  2 scorpions
  6 wights
  8 killer bees
  4 howler monkeys (D:12)
  An electric eel (D:12)
  2 jellies
  3 hounds
  14 orc priests
  3 bombardier beetles (D:5)
  3 gnoll boudas
  Crazy Yiuf (D:2)
  Jessica (D:2)
  Terence (D:2)
  7 iguanas
  Natasha (thrice) (D:3)
  22 orc wizards
  4 hell rats (Lair:5)
  8 mummies (Ossuary)
  15 gnolls
  10 adders
  2 shadow imps (D:6)
  2 white imps (D:11)
  6 dart slugs
  2 ribbon worms (D:2)
  60 orcs
  8 ball pythons
  4 endoplasms
  2 giant cockroaches (D:2)
  3 gnoll zombies (Ossuary)
  13 goblins
  8 hobgoblins
  6 jackals
  2 quokkas
  7 bats
  A frilled lizard (D:1)
  2 hobgoblin zombies (Ossuary)
  45 kobolds
  2 kobold zombies (Ossuary)
  An orc zombie (Ossuary)
  4 rats
1379 creatures vanquished.

Vanquished Creatures (others)
  A deep elf pyromancer (D:12)
  A polar bear (Lair:5)
  A howler monkey (D:7)
  4 tentacles (Shoals:4)
7 creatures vanquished.

Grand Total: 1386 creatures vanquished

Notes
Turn   | Place    | Note
-------+----------+-------------------------------------------
     0 | D:1      | Bnni the Octopode Alchemist began the quest for the Orb.
     0 | D:1      | Reached XP level 1. HP: 11/11 MP: 3/3
   104 | D:1      | Reached XP level 2. HP: 18/18 MP: 3/5
   479 | D:1      | Reached skill level 1 in Fighting
   554 | D:1      | Found a faded altar of an unknown god.
   794 | D:2      | Reached skill level 4 in Alchemy
   794 | D:2      | Reached XP level 3. HP: 22/23 MP: 4/6
   921 | D:2      | Noticed Terence
   933 | D:2      | Killed Terence
   934 | D:2      | Reached XP level 4. HP: 25/28 MP: 1/7
  1290 | D:2      | Noticed Jessica
  1296 | D:2      | Killed Jessica
  1383 | D:2      | Learned a level 4 spell: Olgreb's Toxic Radiance
  1387 | D:2      | Learned a level 3 spell: Mephitic Cloud
  1389 | D:2      | Found a runed translucent door.
  1390 | D:2      | Noticed Crazy Yiuf
  1399 | D:2      | Killed Crazy Yiuf
  1400 | D:2      | Reached skill level 5 in Alchemy
  1400 | D:2      | Reached XP level 5. HP: 34/34 MP: 1/9
  1677 | D:3      | Noticed Grinder
  1730 | D:3      | Noticed Natasha
  1735 | D:3      | Killed Natasha
  1965 | D:3      | Noticed Natasha
  1967 | D:3      | Reached skill level 1 in Fire Magic
  1968 | D:3      | Killed Natasha
  2148 | D:3      | Reached XP level 6. HP: 41/41 MP: 8/10
  2153 | D:3      | Noticed Natasha
  2159 | D:3      | Killed Natasha
  2288 | D:3      | Found a radiant altar of Vehumet.
  2288 | D:3      | Found an iron altar of Okawaru.
  2563 | D:3      | Killed Grinder
  2564 | D:3      | Reached skill level 6 in Alchemy
  2564 | D:3      | Reached XP level 7. HP: 37/46 MP: 7/12
  2574 | D:3      | Learned a level 4 spell: Sticky Flame
  2786 | D:4      | Found Tagg's Antique Armour Boutique.
  2803 | D:4      | Found a staircase to the Ecumenical Temple.
  2835 | Temple   | Entered the Ecumenical Temple
  2846 | Temple   | Became a worshipper of Gozag Ym Sagoz the Greedy
  3432 | D:5      | Entered Level 5 of the Dungeon
  3545 | D:5      | Reached skill level 7 in Alchemy
  3545 | D:5      | Reached XP level 8. HP: 36/54 MP: 6/14
  4300 | D:5      | Reached skill level 8 in Alchemy
  4386 | D:5      | Reached skill level 5 in Spellcasting
  4757 | D:6      | Noticed Pikel
  4923 | D:5      | Killed Pikel
  4924 | D:5      | Reached skill level 5 in Fighting
  4924 | D:5      | Reached XP level 9. HP: 4/61 MP: 3/17
  5114 | D:6      | Found a sand-covered staircase.
  5114 | D:6      | Noticed Eustachio
  5128 | D:6      | Killed Eustachio
  5210 | Ossuary  | Entered an ossuary
  5218 | Ossuary  | Learned a level 6 spell: Eringya's Noxious Bog
  5659 | D:6      | Reached skill level 9 in Alchemy
  5917 | D:6      | Noticed Menkaure
  5925 | D:6      | Killed Menkaure
  5928 | D:6      | HP: 2/61 [ice beast (13)]
  6661 | D:7      | Noticed a troll
  7101 | D:7      | Killed a troll
  7102 | D:7      | Reached skill level 5 in Dodging
  7102 | D:7      | Reached XP level 10. HP: 59/68 MP: 7/18
  7193 | D:7      | Noticed a cyclops
  7204 | D:7      | Killed a cyclops
  7211 | D:7      | Reached skill level 10 in Alchemy
  7472 | D:7      | Reached skill level 5 in Shields
  7605 | D:7      | Found a basalt altar of Yredelemnul.
  7606 | D:7      | Found an ornate altar of the Wu Jian Council.
  7606 | D:7      | Found a bloodstained altar of Trog.
  7749 | D:7      | Found Paneghifru's Magic Scroll Boutique.
  7752 | D:7      | Bought a scroll of acquirement for 572 gold pieces
  7752 | D:7      | Acquired 580 gold pieces
  7754 | D:7      | Bought a scroll of identify for 22 gold pieces
  7754 | D:7      | Bought a scroll of identify for 22 gold pieces
  7754 | D:7      | Bought a scroll of identify for 22 gold pieces
  7754 | D:7      | Bought a scroll of butterflies for 44 gold pieces
  7754 | D:7      | Bought a scroll of immolation for 44 gold pieces
  7754 | D:7      | Bought a scroll of fear for 44 gold pieces
  7754 | D:7      | Bought a scroll of fog for 44 gold pieces
  7754 | D:7      | Bought a scroll of poison for 44 gold pieces
  8065 | D:8      | Noticed a two-headed ogre
  8078 | D:8      | Killed a two-headed ogre
  8201 | D:8      | Found a staircase to the Lair.
  8269 | D:8      | Found a hazy altar of Hepliaklqana.
  8820 | D:9      | Found a flagged portal.
  8839 | Bailey   | Entered a bailey
  9044 | Bailey   | Identified the +0 ring mail of the Poles {Rampage rC++
                  | Str-3 Dex+3}
  9316 | D:9      | Found Dubbubb's Book Shop.
  9319 | D:9      | Bought Great Wizards, Vol. VII for 360 gold pieces
  9319 | D:9      | Bought Qinocrox's Teachings on the Ill-fated Snake for 360
                  | gold pieces
  9368 | D:9      | Reached skill level 11 in Alchemy
  9756 | D:9      | You fall into a shaft and drop 3 floors!
  9794 | D:12     | Noticed Gastronok
  9808 | D:12     | Killed Gastronok
  9809 | D:12     | Reached XP level 11. HP: 46/75 MP: 20/21
  9936 | D:12     | Noticed a boulder beetle
 10043 | D:12     | Learned a level 5 spell: Irradiate
 10130 | D:12     | Noticed a deep elf pyromancer
 10190 | D:12     | Noticed a two-headed ogre
 10191 | D:12     | Killed a deep elf pyromancer
 10201 | D:12     | Killed a two-headed ogre
 10201 | D:12     | Noticed a yaktaur captain
 10208 | D:12     | Killed a yaktaur captain
 10312 | D:12     | Reached skill level 12 in Alchemy
 10354 | D:12     | Killed a boulder beetle
 10465 | D:11     | Noticed a phantasmal warrior
 10466 | D:11     | Noticed Urug
 10466 | D:11     | Noticed a death knight
 10486 | D:11     | Reached skill level 5 in Conjurations
 10489 | D:11     | Noticed a two-headed ogre
 10637 | D:12     | Noticed a two-headed ogre
 10643 | D:12     | Killed a two-headed ogre
 10818 | D:12     | Noticed a deep elf pyromancer
 10822 | D:12     | Killed a deep elf pyromancer
 10823 | D:12     | Reached XP level 12. HP: 82/82 MP: 21/23
 11766 | D:11     | Killed Urug
 11940 | D:11     | Found a runed translucent gate.
 11940 | D:11     | Found a runed translucent gate.
 11950 | D:11     | Found a runed translucent gate.
 11967 | D:11     | Noticed temujin's ghost (journeyman DjCj)
 12019 | D:10     | Entered Level 10 of the Dungeon
 12340 | D:10     | Noticed Grum
 12347 | D:10     | Reached skill level 13 in Alchemy
 12353 | D:10     | Killed Grum
 12429 | D:10     | Noticed Josephine
 12881 | D:10     | Killed Josephine
 12895 | D:10     | Gained mutation: You are weak. (Str -2) [mutagenic glow]
 13324 | D:10     | Bought a potion of brilliance for 60 gold pieces
 13324 | D:10     | Bought a ring of positive energy for 300 gold pieces
 13377 | D:11     | Killed a two-headed ogre
 13390 | D:11     | Killed a death knight
 13542 | D:11     | Found a staircase to the Orcish Mines.
 13817 | D:11     | Killed temujin's ghost
 13818 | D:11     | Reached XP level 13. HP: 49/90 MP: 11/25
 13828 | D:11     | Gained mutation: Your health recovers twice as slowly from
                  | being drained. [mutagenic glow]
 13837 | D:11     | Got Ziygg's Atlas of Attendants
 13879 | D:11     | Learned a level 5 spell: Yara's Violent Unravelling
 14189 | D:12     | Found a shadowy altar of Dithmenos.
 14249 | D:13     | Noticed a vault guard
 14249 | D:13     | Found a gate to the Vaults.
 14255 | D:13     | Killed a vault guard
 14257 | D:13     | Reached skill level 1 in Hexes
 14589 | D:13     | Noticed Lodul
 14597 | D:13     | Killed Lodul
 14598 | D:13     | Reached skill level 14 in Alchemy
 15677 | D:13     | Identified the +6 chain mail of Tempters {-Cast rElec rCorr
                  | Str+5}
 16084 | D:14     | Noticed Frances
 16085 | D:14     | Gained mutation: Potions are less effective at restoring
                  | your health. [you]
 16305 | Lair:1   | Entered Level 1 of the Lair of Beasts
 17219 | Lair:2   | Found a hole to the Spider Nest.
 17568 | Lair:2   | Reached XP level 14. HP: 82/98 MP: 24/27
 17966 | Lair:2   | Found a white marble altar of Elyvilon.
 18440 | Lair:3   | Found a staircase to the Shoals.
 18469 | Lair:3   | Reached skill level 15 in Alchemy
 18709 | Lair:3   | Reached skill level 10 in Conjurations
 18896 | Lair:3   | Reached skill level 10 in Fighting
 19815 | Lair:4   | Found a staircase to the Slime Pits.
 19816 | Lair:4   | Found a viscous altar of Jiyva.
 20581 | Lair:4   | Reached skill level 10 in Dodging
 21359 | D:9      | Bought a book of Fire for 384 gold pieces
 21544 | Lair:5   | Entered Level 5 of the Lair of Beasts
 21591 | Lair:5   | Found a frozen archway.
 21694 | IceCv    | Entered an ice cave
 21821 | IceCv    | Identified the +8 demon blade of Unerem {elec, Int+3
                  | Stlth+}
 22024 | IceCv    | Reached skill level 5 in Fire Magic
 22227 | IceCv    | Reached skill level 16 in Alchemy
 22344 | IceCv    | Reached XP level 15. HP: 49/105 MP: 28/28
 22502 | IceCv    | Reached skill level 10 in Spellcasting
 22547 | IceCv    | Identified the +3 dire flail "Goblinbane" {flame, rF+ rC+
                  | rN+}
 25489 | Lair:5   | Bought the ring of Reok {rPois rN+ Str+2 Int+3 SInv} for
                  | 734 gold pieces
 25490 | Lair:5   | Bought the amulet "Woibac" {Regen+ MP+9} for 894 gold
                  | pieces
 25739 | Orc:1    | Entered Level 1 of the Orcish Mines
 25739 | Orc:1    | Found Cuozxaf's Book Shoppe.
 25887 | Orc:2    | Entered Level 2 of the Orcish Mines
 25923 | Orc:2    | Found Xyuhah's Armour Shoppe.
 25929 | Orc:2    | Found a staircase to the Elven Halls.
 26418 | Orc:2    | Found Zilyucw's Jewellery Boutique.
 26418 | Orc:2    | Found Ciato's Jewellery Emporium.
 26429 | Orc:2    | Found Gaosm's Antique Armour Boutique.
 26429 | Orc:2    | Found Ocse's Magic Scroll Emporium.
 26440 | Orc:2    | Bought the ring of False Hope {rPois rF+ rCorr Str-3} for
                  | 461 gold pieces
 26449 | Orc:2    | Bought a shiny buckler for 142 gold pieces
 26489 | Orc:2    | Noticed an orc warlord
 26508 | Orc:2    | Killed an orc warlord
 26509 | Orc:2    | Reached skill level 17 in Alchemy
 26598 | Orc:2    | Noticed Saint Roka
 26611 | Orc:2    | Killed Saint Roka
 26616 | Orc:2    | Noticed Nessos
 26628 | Orc:2    | Killed Nessos
 26792 | Orc:2    | Found Fajymiwn's Book Emporium.
 26801 | Orc:2    | Bought an Everburning Encyclopedia for 570 gold pieces
 26806 | Orc:2    | Learned a level 4 spell: Ignite Poison
 26999 | Orc:2    | Reached XP level 16. HP: 94/113 MP: 30/30
 27813 | D:14     | Killed Frances
 28866 | D:15     | Entered Level 15 of the Dungeon
 29477 | D:15     | Found a staircase to the Depths.
 30167 | Lair:5   | Bought a +5 ring of evasion for 576 gold pieces
 30307 | Spider:1 | Entered Level 1 of the Spider Nest
 31689 | Spider:2 | Reached XP level 17. HP: 119/119 MP: 32/32
 32280 | Spider:2 | Reached skill level 10 in Fire Magic
 32698 | Spider:2 | Learned a level 6 spell: Starburst
 34484 | Spider:4 | Entered Level 4 of the Spider Nest
 35854 | Spider:4 | Reached XP level 18. HP: 127/127 MP: 33/33
 35861 | Spider:4 | Reached skill level 10 in Shields
 36366 | Spider:4 | Got a gossamer rune of Zot
 36855 | Shoals:1 | Entered Level 1 of the Shoals
 36949 | Shoals:1 | Bought a scroll of identify for 36 gold pieces
 36949 | Shoals:1 | Bought a scroll of identify for 36 gold pieces
 38704 | Shoals:2 | Noticed Ilsuiw
 38715 | Shoals:2 | Killed Ilsuiw
 38892 | Shoals:2 | Noticed Polyphemus
 38899 | Shoals:2 | Killed Polyphemus
 40376 | Shoals:4 | Entered Level 4 of the Shoals
 40376 | Shoals:4 | Noticed Nikola
 40383 | Shoals:4 | Killed Nikola
 40415 | Shoals:4 | Reached XP level 19. HP: 134/134 MP: 25/35
 41435 | Shoals:4 | Got a barnacled rune of Zot
 42146 | Shoals:4 | Noticed Roxanne
 42885 | Depths:1 | Entered Level 1 of the Depths
 43659 | Depths:1 | Found a one-way gate leading to the halls of Pandemonium.
 43954 | Depths:1 | Paralysed by a vampire knight for 5 turns
 44091 | Depths:1 | Found a hide-covered altar of Uskayaw.
 44188 | Depths:1 | Found a one-way gate to the infinite horrors of the Abyss.
 44189 | Depths:1 | Acquired 879 gold pieces
 44330 | Depths:1 | Found a gateway to Hell.
 44669 | Depths:2 | Reached XP level 20. HP: 117/142 MP: 36/36
 45310 | Depths:2 | Found a shimmering blue altar of Sif Muna.
 45766 | Depths:2 | Noticed a golden dragon
 45767 | Depths:2 | Noticed a caustic shrike
 45773 | Depths:2 | Killed a caustic shrike
 45777 | Depths:2 | Killed a golden dragon
 46280 | Depths:2 | Gained mutation: You are dopey. (Int -2) [mutagenic glow]
 46674 | Depths:2 | Noticed a juggernaut
 46698 | Depths:2 | Killed a juggernaut
 46786 | Depths:2 | Identified the ring of the Mpinguari {Fire +Blink Str+6
                  | Slay+3 Stlth-}
 46926 | Depths:2 | Identified the ring of Ileto {Ice rElec}
 46963 | Depths:2 | Identified the +7 war axe "Lurekleo" {protect, Str+4 Int+4}
 46964 | Depths:2 | Identified the +5 mace "Utiseid" {drain, rElec rPois rC+
                  | Will-}
 47101 | Depths:2 | Identified the amulet of the Saviour {RegenMP rC+ Dex+4}
 47275 | Depths:3 | Noticed Parghit
 47436 | Vaults:1 | Entered Level 1 of the Vaults
 48557 | Vaults:1 | Reached XP level 21. HP: 142/149 MP: 38/38
 49058 | Vaults:1 | You fall into a shaft and drop 1 floor!
 49277 | Vaults:2 | Reached skill level 15 in Fire Magic
 49628 | Vaults:2 | Reached skill level 15 in Conjurations
 51059 | Vaults:3 | Found Finle's General Store.
 51062 | Vaults:3 | Bought a phantom mirror for 600 gold pieces
 51086 | Vaults:3 | Found a magical portal.
 51098 | WizLab   | Entered Eringya's Formal Garden
 51490 | WizLab   | Found a blossoming altar of Fedhas.
 51490 | WizLab   | Paralysed by a fenstrider witch for 2 turns
 51491 | WizLab   | HP: 7/149 [fenstrider witch/staff of air (4)]
 51491 | WizLab   | Shot with an arrow by a deep elf master archer

Illustrated notes

Levels and vault maps discovered:
D:1:      mushboom_english_gardens, layout_rooms,
          shapermc_ecumenical_altar_ellora
D:2:      layout_rooms, grunt_ministairs_13, uniq_crazy_yiuf_cottage,
          uniq_terence, uniq_jessica
D:3:      layout_basic, jmf_multi_god_temple, grunt_ministairs_5, uniq_natasha,
          uniq_grinder
D:4:      layout_basic, temple_pool_b, serial_shops, shop
D:5:      wad_lake_hut, layout_cave_pools, serial_bayou, serial_bayou_lagoon_a,
          serial_bayou_pond_a, serial_bayou_ford_a, serial_bayou_pond_e,
          minmay_joined_circles
D:6:      layout_rooms, chequers_ossuary_entry_cave, uniq_eustachio,
          uniq_menkaure, uniq_pikel
D:7:      layout_rooms, gammafunk_temple_overflow_forgotten, serial_shops,
          nicolae_shop_rolled_up
D:8:      layout_rooms, mainiacjoe_overflow_surrounded_room, dpeg_oklobed_lair
D:9:      nicolae_hitomezashi [nicolae_hito_row, nicolae_hito_row,
          nicolae_hito_row, nicolae_hito_row, nicolae_hito_row,
          nicolae_hito_row, nicolae_hito_row, nicolae_hito_row,
          nicolae_hito_row, nicolae_hito_row, nicolae_hito_row,
          nicolae_hito_row, nicolae_hito_row, nicolae_hito_row,
          nicolae_hito_row, nicolae_hito_row, nicolae_hito_row,
          nicolae_hito_row], layout_gridville, enter_bailey_5, serial_shops,
          nicolae_shop_behind_doors, minmay_misc_feat_cross
D:10:     layout_irregular_city, chequers_garden, uniq_josephine, uniq_grum
D:11:     layout_rooms, orc_0_dummy, gammafunk_ghost_icy,
          corexii_leaking_fountain, uniq_urug
D:12:     kennysheep_scales, layout_gridville, small_statue_intersection,
          grunt_dithmenos_shadows, uniq_gastronok
D:13:     layout_small_grid, hellmonk_vaults_order_and_chaos,
          nrook_guardian_serpent_ordinary, uniq_lodul
D:14:     minmay_wizard_corner, layout_cave_pools, kennysheep_crisscross,
          kennysheep_generic_room_9, uniq_frances
D:15:     hangedman_depths_entry_try_elsewhere_first, layout_irregular_city
Temple:   nicolae_temple_bog_church
Lair:1:   layout_cave_shapes, minivault_25
Lair:2:   layout_cave_pods, nicolae_spider_entry_tight_spaces, basic_altar
Lair:3:   layout_regular_city, minmay_shoals_entry_lonely_mermaid
Lair:4:   layout_long_grid, slime_entry_1, chequers_serial_rivers_small_a,
          wad_woods_road_05, lemuel_fruit_tree
Lair:5:   wormcave, layout_layer_cave, guppyfry_lair_end_dragon,
          portal_ice_cave_entry_animals_and_master, gauntlet_entry_generic
Shoals:1: layout_shoals
Shoals:2: layout_shoals, nicolae_shoals_lost_giant_temple, uniq_polyphemus,
          uniq_ilsuiw
Shoals:3: layout_shoals, nicolae_shoals_former_cling_halls
Shoals:4: shoals_end_hangedman, layout_shoals, uniq_roxanne, uniq_nikola
Spider:1: nicolae_spider_broodchamber
Spider:2: layout_spider_delve
Spider:3: layout_chambers
Spider:4: floodkiller_spider_rune_tomb, nicolae_spider_scorpion_nest
Orc:1:    layout_caves, serial_shops, nicolae_book_shop_shelving, sword_in_stone
Orc:2:    grunt_orc_tribal_feast, layout_caves, special_room, basic_altar,
          serial_shops, nicolae_shop_hallway_plus,
          nicolae_shop_advertising_works [nicolae_subvault_shop_adworks],
          uniq_nessos, uniq_saint_roka
Vaults:1: nicolae_vaults_oval_intersection, v_misc_10, hangedman_vaults_trim,
          v_pattern_1, v_alt_pattern_4, nicolae_vaults_door_testing_chamber,
          v_misc_12, nicolae_vaults_closet_pinwheel_3, st_smaller_cells,
          vaults_mumra_lcd, ontoclasm_vaults_fault,
          nicolae_vaults_offset_grid_hallway_2, hangedman_vaults_corner_blocks,
          nicolae_vaults_two_Ls, layout_vaults_omnibox
Vaults:2: v_misc_29, nicolae_vaults_octothorpe, v_misc_9,
          nicolae_vaults_house_2, st_spiral_rooms,
          nicolae_vaults_little_squares_3, layout_vaults_quadrants
Vaults:3: infiniplex_enter_wizlab_glasses, nicolae_vaults_little_squares_5,
          nicolae_vaults_tangent_ellipses, vaults_mumra_minichess_inversion,
          hangedman_vaults_capsules, nicolae_vaults_storage_closets_3,
          nicolae_vaults_tangram_1, grunt_vaults_hallway_long,
          hangedman_vaults_stream, nicolae_vaults_what_the_h,
          nicolae_vaults_little_squares_5, vaults_room_fours,
          nicolae_vaults_diamond_1, minmay_crypt_entry_skeletal_spiral,
          layout_vaults_maze_snakey, serial_shops, shop
Depths:1: layout_cave_pools, hell_entry, chequers_serial_rivers_micro_e,
          rand_demon_pan_entry_8, abyss_entry, nicolae_uskayaw_suspiria
Depths:2: minmay_tearing_corner, layout_cave_pools, grunt_pan_entry_in_and_out,
          hell_entry, hangedman_summoners_spam, infiniplex_staircase_diamond,
          serial_bayou_shore_b
Depths:3: kennysheep_bubbly, layout_small_grid, enter_ziggurat_a,
          rand_demon_pan_entry_1, abyss_entry, hell_entry, uniq_parghit
WizLab:   wizlab_eringya

Skill      XL: |  1  2  3  4  5  6  7  8  9 10 11 12 13 14 15 16 17 18 19 20 21 |
---------------+----------------------------------------------------------------+-----
Fighting       | 1 2 3 5 7 8 9 10 11 12 13 14 | 14.7
Alchemy        | 4 5 6 7 8 9 11 12 13 14 16 17 | 17.7
Spellcasting   | 3 4 5 7 8 9 10 11 12 13 | 13.5
Fire Magic     | 1 2 5 7 9 11 12 13 14 15 | 15.4
Dodging        | 4 5 6 7 8 9 10 11 12 13 14 | 14.4
Shields        | 2 4 5 8 9 11 12 14 | 14.5
Conjurations   | 3 5 7 9 10 11 12 13 14 15 | 15.0
Hexes          | 2 |  2.0
Stealth        | |  2.6

Action                     |  1- 3 |  4- 6 |  7- 9 | 10-12 | 13-15 | 16-18 | 19-21 || total
---------------------------+-------+-------+-------+-------+-------+-------+-------++-------
  Melee: Unarmed           |    11 |       |       |       |       |       |       ||    11
         Tentacles         |     6 |    21 |    39 |    69 |   127 |   117 |    95 ||   474
         Constrict         |     5 |    19 |    41 |    26 |    63 |    68 |    39 ||   261
         Short sword       |    14 |     3 |       |       |       |       |       ||    17
         Dagger            |       |    51 |    17 |     3 |       |       |       ||    71
         Punch             |       |     1 |     3 |     4 |    13 |     4 |     4 ||    29
         Staff             |       |       |    85 |   150 |   299 |   300 |   187 ||  1021
         Whip              |       |       |    10 |    42 |       |       |       ||    52
         Spear             |       |       |       |    41 |    39 |       |       ||    80
         Demon blade       |       |       |       |       |    81 |    16 |     8 ||   105
  Throw: Dart              |       |       |       |       |     4 |       |     2 ||     6
         Throwing net      |       |       |       |       |       |       |     4 ||     4
   Cast: Sting             |    31 |    31 |    19 |     3 |     1 |       |       ||    85
         Olgreb's Toxic Ra |       |     7 |    24 |    50 |   121 |   158 |   137 ||   497
         Mephitic Cloud    |       |     1 |     4 |    10 |     8 |     1 |     2 ||    26
         Sticky Flame      |       |       |    18 |    38 |    67 |    44 |    38 ||   205
         Irradiate         |       |       |       |    31 |    45 |    44 |    60 ||   180
         Eringya's Noxious |       |       |       |     2 |    24 |    29 |    17 ||    72
         Yara's Violent Un |       |       |       |       |     3 |     8 |    13 ||    24
         Ignite Poison     |       |       |       |       |       |   109 |   104 ||   213
         Starburst         |       |       |       |       |       |    26 |   127 ||   153
 Invoke: Potion Petition   |       |       |     1 |       |       |       |     1 ||     2
         Call Merchant     |       |       |       |     1 |     3 |     2 |     2 ||     8
  Evoke: Wand              |       |       |     2 |       |     2 |       |     1 ||     5
         Phial of floods   |       |       |       |       |       |     1 |       ||     1
    Use: Scroll            |       |       |     4 |    13 |     4 |     8 |     4 ||    33
         Potion            |       |       |     1 |     2 |     7 |     1 |     3 ||    14
   Stab: Sleeping          |       |     2 |     1 |     1 |     2 |       |     1 ||     7
         Confused          |       |     1 |     1 |     1 |     2 |       |       ||     5
         Distracted        |       |       |       |     2 |     1 |     2 |     2 ||     7
         Paralysed         |       |       |       |       |     2 |       |       ||     2
 Armour: Skin              |    13 |    27 |    74 |   113 |   228 |   199 |   180 ||   834
  Dodge: Dodged            |    31 |    47 |    67 |   191 |   408 |   765 |   461 ||  1970
  Block: Buckler           |       |       |    33 |   131 |   262 |   237 |       ||   663
         Reflection        |       |       |       |    10 |     4 |       |       ||    14
         Tower shield      |       |       |       |       |     7 |       |       ||     7
         Kite shield       |       |       |       |       |       |    12 |   297 ||   309
